 Dungeon Crawl Stone Soup version 0.13.0-19-g8e0b589 (webtiles) character file.

250 JacquesDerrida the Shooter (level 4, -8/33 HPs)
             Began as a Demonspawn Hunter on Oct 25, 2013.
             Killed by divine providence
             ... invoked by an orc priest
              (16 damage)
             ... on Level 4 of the Dungeon.
             The game lasted 00:05:16 (2159 turns).

JacquesDerrida the Shooter (Demonspawn Hunter)      Turns: 2159, Time: 00:05:16

HP  -8/33        AC  5     Str 12      XL: 4   Next: 82%
MP   3/3         EV 11     Int 14      God:
Gold 125         SH  0     Dex 13      Spells:  0 memorised,  3 levels left

Res.Fire  : . . .   See Invis. : .   b - +1 bow
Res.Cold  : . . .   Warding    : .   d - +0 leather armour
Life Prot.: . . .   Conserve   : .   (no shield)
Res.Poison: .       Res.Corr.  : .   (helmet restricted)
Res.Elec. : .       Clarity    : .   (no cloak)
Sust.Abil.: . .     Spirit.Shd : .   (no gloves)
Res.Mut.  : .       Stasis     : .   (no boots)
Res.Rott. : .       Flight     : .   (no amulet)
Saprovore : . . .                    (no ring)
                                     (no ring)

@: slightly resistant to hostile enchantments, unstealthy
A: horns 1, AC +2
a: no special abilities


You were on level 4 of the Dungeon.
You were not hungry.

You visited 1 branch of the dungeon, and saw 4 of its levels.

You collected 105 gold pieces.

Inventory:

Hand weapons
 a - a +0,+2 short sword of electrocution
 b - a +1,+1 bow (weapon)
Missiles
 c - 7 arrows (quivered)
 n - 7 javelins
Armour
 d - a +0 leather armour (worn)
Magical devices
 o - a wand of digging (14) {unknown}
Comestibles
 f - 2 bread rations
 q - 4 rotting chunks of orc flesh
Scrolls
 e - 3 scrolls of remove curse {unknown}
 k - 2 scrolls of teleportation {unknown}
 l - 6 scrolls of identify {unknown}
 p - a scroll of curse weapon {unknown}
 r - a scroll of enchant armour {unknown}
Potions
 g - 2 potions of restore abilities
 h - a potion of slowing {unknown}
 i - a potion of flight {unknown}
 j - a potion of brilliance {unknown}
 s - a potion of heal wounds {unknown}
Books
 t - a book of the Earth

   Spells                             Type                      Level
   Dig                                Earth                        4
   Leda's Liquefaction                Hexes/Earth                  4
   Bolt of Magma                      Conjuration/Fire/Earth       5
   Statue Form                        Transmutation/Earth          6
   Iron Shot                          Conjuration/Earth            6
   Shatter                            Earth                        9


   Skills:
 - Level 1.0 Fighting
 + Level 5.7 Bows
 - Level 1.7 Dodging
 - Level 0.8 Stealth


You had 3 spell levels left.
You didn't know any spells.

Dungeon Overview and Level Annotations

Branches:
Dungeon (4/27)
 Temple: D:4-7

Altars:


Innate Abilities, Weirdness & Mutations

You have a pair of small horns on your head.
You are partially covered in yellow scales (AC +2).


Message History

Press: ? - help, Shift-Dir - straight line, f/p - iguana
Aim: an iguana (heavily wounded)
You shoot an arrow. The arrow hits the iguana.
The iguana is heavily wounded.
The iguana closely misses you.
Firing (i - inventory. (,) - cycle):
c - 9 arrows (quivered)
Press: ? - help, Shift-Dir - straight line, f/p - iguana
Aim: an iguana (heavily wounded)
You shoot an arrow. The arrow hits the iguana.
The iguana is almost dead.
The iguana bites you.
* * * LOW HITPOINT WARNING * * *
Firing (i - inventory. (,) - cycle):
c - 8 arrows (quivered)
Press: ? - help, Shift-Dir - straight line, f/p - iguana
Aim: an iguana (almost dead)
You shoot an arrow. The arrow hits the iguana.
You kill the iguana!
The orc priest invokes the aid of Beogh against you.
Something smites you!
You die...

##'#### #.....#
#.....+ . #.....#
..( ####.....# ...(
#..'.....# .....
#.##.....#
..(..(.####.##.....#
......(o(@..##.....#
.......#######.....#
##+## #..#### #.##
... ...


You could see an orc priest.

Vanquished Creatures
  An iguana (D:4)
  An adder (D:3)
  A giant mite (D:2)
  An inept feature mimic (D:2)
  A worm (D:2)
  4 giant geckos
  An orc (D:3)
  4 bats (D:1)
  9 goblins
  9 hobgoblins
  3 jackals (D:2)
  5 kobolds
  2 oozes
  A ball python (D:1)
  2 giant cockroaches (D:2)
  4 giant newts
  14 rats
63 creatures vanquished.

Notes
Turn   | Place    | Note
--------------------------------------------------------------
     0 | D:1      | JacquesDerrida, the Demonspawn Hunter, began the quest for the Orb.
     0 | D:1      | Reached XP level 1. HP: 16/16 MP: 0/0
   172 | D:1      | Reached skill level 4 in Bows
   185 | D:1      | Gained mutation: You are partially covered in yellow scales (AC +2). [demonic ancestry]
   185 | D:1      | Reached XP level 2. HP: 16/22 MP: 1/1
   822 | D:2      | Gained mutation: You have a pair of small horns on your head. [demonic ancestry]
   822 | D:2      | Reached XP level 3. HP: 27/27 MP: 2/2
  1239 | D:2      | Reached skill level 5 in Bows
  1337 | D:2      | Reached XP level 4. HP: 33/33 MP: 3/3
  2159 | D:4      | Killed from afar by an orc priest

Action                   |  1- 3 |  4- 6 || total
-------------------------+-------+-------++-------
Melee: Short sword       |   119 |    43 ||   162
 Fire: Bow               |    10 |    16 ||    26
Evoke: Wand              |     1 |       ||     1
  Use: Potion            |       |     4 ||     4
 Stab: Sleeping          |     2 |       ||     2
